AoeStats
← thecartelflow

Arena

509801867Analyzed
1v1 RM · 6d ago on Sep 28, 2026· 73m 9s· 2 players
Game mode
Random Map
Map size
Tiny (2 player)
Population
200
Speed
Normal
Resources
Standard
Victory
Conquest
Starting age
Dark Age
Ending age
Imperial Age
RankedLock teamsTeams togetherTeam positionsShared explorationLock speedFull tech treeHidden civsTurbo modeCheats
Victory
Defeat
🇺🇸 Vikings · United States
875
+39
🇺🇸 Persians · United States
903
-48
UrNotHimYDF
11:29 Feudal Age
12:45 Horse Collar
18:03 Double-Bit Axe
23:00 Castle Age
24:48 Heavy Plow
25:02 Bow Saw
24:56 Man-at-Arms
25:44 Squires
25:30 Arson
26:50 Forging
31:21 Gold Mining
31:22 Stone Mining
33:02 Iron Casting
40:59 Imperial Age
40:26 Iron Casting
39:52 Scale Mail Armor
39:43 Fletching
41:36 Ballistics
41:28 Masonry
41:29 Fortified Wall
42:42 Chain Mail Armor
42:23 Bodkin Arrow
43:31 Blast Furnace
44:24 Conscription
44:11 Chieftains
44:55 Plate Mail Armor
45:49 Crop Rotation
46:26 Two-Man Saw
47:55 Gold Shaft Mining
48:11 Town Watch
48:13 Loom
47:52 Elite Berserk
48:05 Capped Ram
50:59 Siege Engineers
51:26 Architecture
53:34 Siege Ram
58:29 Town Patrol
72:53 Elite Varangian Guard
thecartelflow
1:02 Loom
15:53 Feudal Age
17:04 Wheelbarrow
16:14 Horse Collar
18:09 Stone Mining
18:31 Double-Bit Axe
18:50 Gold Mining
21:57 Padded Archer Armor
21:48 Fletching
22:04 Scale Barding Armor
21:59 Scale Mail Armor
26:11 Castle Age
25:35 Forging
27:01 Hand Cart
26:50 Heavy Plow
27:17 Leather Archer Armor
28:40 Herbal Medicine
28:46 Devotion
28:57 Fervor
29:34 Coinage
29:06 Caravan
29:38 Chain Barding Armor
29:34 Chain Mail Armor
29:11 Town Watch
30:36 Siphons
30:42 Clinker Construction
30:23 Guard Tower
30:45 Careening
30:50 Murder Holes
32:57 Town Patrol
33:49 Arson
34:04 Squires
33:50 Gambesons
33:26 Pikeman
33:27 Man-at-Arms
34:27 Bodkin Arrow
35:08 Iron Casting
36:46 Long Swordsman
37:58 Ballistics
37:29 Heated Shot
37:51 Masonry
45:57 Imperial Age
44:01 Husbandry
44:12 Bloodlines
43:22 Light Cavalry
52:06 Parthian Tactics
51:02 Heavy Cavalry Archer
51:03 Elite Skirmisher
51:03 Crossbowman
51:49 Thumb Ring
51:07 Halberdier
51:11 Heavy Scorpion
51:11 Onager
51:12 Capped Ram
51:19 Heavy Camel Rider
56:53 Siege Ram
56:59 Cavalier
56:59 Hussar
57:25 Sappers
58:31 Hoardings
62:19 Citadels
62:10 Kamandaran
63:36 Conscription
63:22 Savar
Connection lost

Rejoining the realm…

Still unreachable

The connection could not be restored.

Session expired

The server has moved on; the page needs a fresh start.